 Dungeon Crawl Stone Soup version 0.19-a0-585-ge40200b (webtiles) character file.

807 ololoev the Slasher (level 7, 52/52 HPs)
             Began as a Demonspawn Fighter on June 9, 2016.
             Was an Initiate of Qazlal.
             Quit the game on level 6 of the Dungeon.
             The game lasted 00:09:02 (1370 turns).

ololoev the Slasher (Demonspawn Fighter)            Turns: 1370, Time: 00:09:03

Health: 52/52      AC: 11    Str: 19    XL:     7   Next: 60%
Magic:  9/9        EV:  5    Int:  9    God:    Qazlal [......]
Gold:   100        SH:  9    Dex: 12    Spells: 0 memorised, 6 levels left

rFire  . . .     SeeInvis .     a - +0 long sword
rCold  . . .     Gourm    .     k - +0 chain mail
rNeg   . . .     Faith    .     c - +0 shield
rPois  +         Spirit   .     (no helmet)
rElec  .         Dismiss  .     (no cloak)
rCorr  .         Reflect  .     (no gloves)
SustAt .         Harm     .     s - +0 pair of boots
MR     .....                    (no amulet)
Stlth  ..........               l - +2 ring of slaying
                                e - ring of poison resistance

@: not resistant to hostile enchantments, extremely unstealthy
A: powered by death 3, powered by pain 1
a: Renounce Religion


Innate Abilities, Weirdness & Mutations

You regenerate a lot of health from kills.
You sometimes gain a little power by taking damage.

Inventory:

Hand Weapons
 a - a +0 long sword (weapon)
Armour
 c - a +0 shield (worn)
 k - a +0 chain mail (worn)
 s - a +0 pair of boots (worn)
Jewellery
 e - a ring of poison resistance (left hand)
 l - a +2 ring of slaying (right hand)
Wands
 p - a wand of paralysis (6/24)
Scrolls
 d - a scroll of identify {unknown}
 h - 3 scrolls of teleportation {unknown}
 q - a scroll of enchant weapon {unknown}
Potions
 g - 3 potions of curing
 m - a potion of cure mutation {unknown}
 o - a potion of lignification {unknown}
 r - a potion of ambrosia {unknown}
Comestibles
 b - 5 chunks of flesh
 f - 3 bread rations
 i - a beef jerky
 j - a slice of pizza
 n - a meat ration


   Skills:
 - Level 3.0 Fighting
 * Level 6.2 Long Blades
 + Level 5.0 Armour
 - Level 2.6 Shields
 + Level 3.2 Invocations


You had 6 spell levels left.
You didn't know any spells.


You were on level 6 of the Dungeon.
You worshipped Qazlal.
Qazlal was noncommittal.
You were not hungry.

You visited 2 branches of the dungeon, and saw 7 of its levels.

You collected 100 gold pieces.

.. ..(#.#.....(...##. #
##.##.#.#....⌠....# #.
#........)........#
##..#.###)#.##._..._....
..... #(#.##.......##..
#....###(#.###....#.# .#
#..).)#.# #.#.###. .
####..#.# #...# ..
#.@.#.# #... #......#
#.....### #......
......... .8#8..####.
..#$#.. .. #.8#8.# ##

Notes
Turn   | Place    | Note
--------------------------------------------------------------
     0 | D:1      | ololoev the Demonspawn Fighter began the quest for the Orb.
     0 | D:1      | Reached XP level 1. HP: 18/18 MP: 1/1
    40 | D:2      | Reached skill level 2 in Long Blades
    45 | D:2      | Found an opulent altar of Gozag.
   144 | D:2      | Gained mutation: You regenerate a little health from kills. [demonic ancestry]
   144 | D:2      | Reached XP level 2. HP: 24/24 MP: 2/2
   232 | D:3      | Found a white marble altar of Elyvilon.
   238 | D:3      | Found a blossoming altar of Fedhas.
   280 | D:3      | Gained mutation: You regenerate health from kills. [demonic ancestry]
   280 | D:3      | Reached XP level 3. HP: 14/29 MP: 3/3
   288 | D:3      | Reached skill level 3 in Long Blades
   412 | D:3      | Noticed Terence
   471 | D:3      | Killed Terence
   471 | D:3      | Gained mutation: You regenerate a lot of health from kills. [demonic ancestry]
   471 | D:3      | Reached XP level 4. HP: 32/35 MP: 4/4
   547 | D:4      | Found a deep blue altar of Sif Muna.
   567 | D:4      | Reached skill level 4 in Long Blades
   567 | D:4      | Gained mutation: You sometimes gain a little power by taking damage. [demonic ancestry]
   567 | D:4      | Reached XP level 5. HP: 38/41 MP: 5/5
   714 | D:4      | Reached XP level 6. HP: 32/47 MP: 6/6
   739 | D:4      | Reached skill level 5 in Long Blades
   782 | D:4      | Found an oddly glowing altar of Pakellas.
   782 | D:4      | Noticed a cyan ugly thing
   938 | D:5      | Entered Level 5 of the Dungeon
   938 | D:5      | Found a staircase to the Ecumenical Temple.
   965 | Temple   | Entered the Ecumenical Temple
  1111 | Temple   | Became a worshipper of Qazlal Stormbringer
  1208 | D:6      | Reached skill level 1 in Invocations
  1213 | D:6      | Reached XP level 7. HP: 38/52 MP: 6/8
  1288 | D:6      | Found a snail-covered altar of Cheibriados.
  1288 | D:6      | Found a hazy altar of Hepliaklqana.
  1288 | D:6      | Found a shattered altar of Ashenzari.
  1289 | D:6      | Found a hide-covered altar of Uskayaw.
  1333 | D:6      | Reached skill level 6 in Long Blades
  1340 | D:6      | Reached skill level 5 in Armour
  1370 | D:6      | Quit the game

Dungeon Overview and Level Annotations

Branches:
Dungeon (6/15)             Temple (1/1) D:5

Altars:
Ashenzari
Cheibriados
Dithmenos
Elyvilon
Fedhas
Gozag
Hepliaklqana
Makhleb
Okawaru
Pakellas
Qazlal
Ru
Sif Muna
Trog
Uskayaw
Vehumet
Xom
Yredelemnul
Zin
The Shining One


Message History

You kill the jelly!
Qazlal accepts your kill.
The kobold unwields an uncursed dagger.
The kobold wields a hand crossbow.
The kobold shoots a bolt.
You block the bolt.
Your chain mail prevents you from hitting the kobold.
You block the kobold's attack.
Your shield and chain mail prevent you from hitting the kobold.
The kobold hits you but does no damage.
Your chain mail prevents you from hitting the kobold.
You block the kobold's attack.
You hit the kobold.
The kobold is heavily wounded.
The kobold hits you but does no damage. x2
You closely miss the kobold.
The kobold is moderately wounded.
The kobold barely misses you.
A kobold comes into view. It is wielding a whip.
The kobold shouts!
You slash the kobold!
You kill the kobold!
Qazlal accepts your kill.
You hear a shout!
The kobold shoots a bolt.
You block the bolt.
You closely miss the kobold. The kobold hits you but does no damage.
The kobold shoots a bolt.
The bolt hits you.
You hit the kobold.
You kill the kobold!
Qazlal accepts your kill.
The kobold shoots a bolt.
The bolt hits you but does no damage.
A kobold comes into view.
The kobold unwields an uncursed hand crossbow.
The kobold wields an uncursed dagger.
The kobold hits you but does no damage.
The kobold wields a blowgun.
The kobold shoots a poisoned needle.
The poisoned needle hits you.
Things that are here:
a poisoned needle; a club; 4 stones The kobold hits you but does no damage.
You closely miss the kobold.
The kobold unwields an uncursed blowgun.
The kobold hits you but does no damage. You block the kobold's attack.
You closely miss the kobold. The kobold closely misses you.
The kobold hits you but does no damage. x2
You slash the kobold!
You kill the kobold!
Qazlal accepts your kill. The kobold hits you but does no damage.
You hit the kobold.
The kobold is severely wounded.
You block the kobold's attack.
You closely miss the kobold.
The kobold is severely wounded.
The kobold hits you but does no damage.
You closely miss the kobold.
The kobold is severely wounded.
The kobold hits you but does no damage. You block the kobold's attack.
You slash the kobold!
You kill the kobold!
Qazlal accepts your kill.
No target in view!
No target in view!
No target in view!
No target in view!
No target in view!
No target in view!
No target in view!
No target in view!
No target in view!
No target in view!
No target in view!
No target in view!
No target in view!
No target in view!
No target in view!
No target in view!
No target in view!
No target in view!
Things that are here:
an uncursed blowgun; 12 poisoned needles; a kobold corpse
Found 15 gold pieces.
Are you sure you want to abandon this character and quit the game? (Confirm with "yes".)

There were no monsters in sight!

Vanquished Creatures
  3 centaurs (D:6)
  A big kobold (D:6)
  A scorpion (D:4)
  A jelly (D:6)
  4 hounds
  A giant frog skeleton (D:4)
  Terence (D:3)
  2 iguanas
  5 worker ants
  4 adders
  An ooze (D:2)
  A dart slug (D:2)
  3 giant geckos
  2 orcs
  5 goblins
  4 hobgoblins
  A quokka (D:4)
  A ball python skeleton (D:4)
  5 bats
  A giant gecko zombie (D:5)
  A giant newt (D:4)
  8 kobolds
  3 rats
59 creatures vanquished.

Action                   |  1- 3 |  4- 6 |  7- 9 || total
-------------------------+-------+-------+-------++-------
Melee: Long sword        |    95 |   112 |    57 ||   264
  Use: Scroll            |     4 |       |       ||     4
       Potion            |       |     2 |       ||     2
  Eat: Chunk             |       |     1 |     1 ||     2
Armor: Scale mail        |    60 |     2 |       ||    62
       Chain mail        |       |    48 |    30 ||    78
Dodge: Dodged            |    24 |    32 |    14 ||    70
Block: Shield            |    49 |    57 |    25 ||   131

Vault maps used:
D:1:      eino_arrival_water_cross, grunt_decor_clamped,
          minmay_stone_trees_small, st_stairs_8, minmay_misc_feat_five,
          corexii_item_surrounded_by_moat, serial_bayou_pond_b
D:2:      grunt_gozag_breadcrumbs, first_bread
D:3:      amethyst_overflow_temple_binary, marbit_many_paths,
          serial_bayou_pond_c, uniq_terence
D:4:      old_standard_altar, gammafunk_pakellas_cloud_experiment,
          wad_floor_pattern_2
D:5:      minmay_temple_entry_mist, nrook_loot_triangle
D:6:      grunt_temple_overflow_open, minmay_statues_item
Temple:   bh_familiar_temple
